Workbook

Sheet Resumo
A1: =IF('Parâmetros'!B2="","DRE gerencial","DRE gerencial — "&'Parâmetros'!B2)
B2: Ano da análise | C2: ='Parâmetros'!B3
A4: Linha da DRE | B4: =DATE($C$2,COLUMN()-1,1) | C4: =DATE($C$2,COLUMN()-1,1) | D4: =DATE($C$2,COLUMN()-1,1) | E4: =DATE($C$2,COLUMN()-1,1) | F4: =DATE($C$2,COLUMN()-1,1) | G4: =DATE($C$2,COLUMN()-1,1) | H4: =DATE($C$2,COLUMN()-1,1) | I4: =DATE($C$2,COLUMN()-1,1) | ... M4: =DATE($C$2,COLUMN()-1,1) | N4: Total do ano
A6: Receita bruta | B6: =SUMIFS('Lançamentos'!$G$2:$G$501,'Lançamentos'!$H$2:$H$501,">="&B$4,'Lançamentos'!$H$2:$H$501,"<"&DATE(YEAR(B$4),MONTH(B$4)+1,1),'Lançamentos'!$D$2:$D$501,"Receita bruta",'Lançamentos'!$J$2:$J$501,"OK") | C6: =SUMIFS('Lançamentos'!$G$2:$G$501,'Lançamentos'!$H$2:$H$501,">="&C$4,'Lançamentos'!$H$2:$H$501,"<"&DATE(YEAR(C$4),MONTH(C$4)+1,1),'Lançamentos'!$D$2:$D$501,"Receita bruta",'Lançamentos'!$J$2:$J$501,"OK") | D6: =SUMIFS('Lançamentos'!$G$2:$G$501,'Lançamentos'!$H$2:$H$501,">="&D$4,'Lançamentos'!$H$2:$H$501,"<"&DATE(YEAR(D$4),MONTH(D$4)+1,1),'Lançamentos'!$D$2:$D$501,"Receita bruta",'Lançamentos'!$J$2:$J$501,"OK") | E6: =SUMIFS('Lançamentos'!$G$2:$G$501,'Lançamentos'!$H$2:$H$501,">="&E$4,'Lançamentos'!$H$2:$H$501,"<"&DATE(YEAR(E$4),MONTH(E$4)+1,1),'Lançamentos'!$D$2:$D$501,"Receita bruta",'Lançamentos'!$J$2:$J$501,"OK") | F6: =SUMIFS('Lançamentos'!$G$2:$G$501,'Lançamentos'!$H$2:$H$501,">="&F$4,'Lançamentos'!$H$2:$H$501,"<"&DATE(YEAR(F$4),MONTH(F$4)+1,1),'Lançamentos'!$D$2:$D$501,"Receita bruta",'Lançamentos'!$J$2:$J$501,"OK") | G6: =SUMIFS('Lançamentos'!$G$2:$G$501,'Lançamentos'!$H$2:$H$501,">="&G$4,'Lançamentos'!$H$2:$H$501,"<"&DATE(YEAR(G$4),MONTH(G$4)+1,1),'Lançamentos'!$D$2:$D$501,"Receita bruta",'Lançamentos'!$J$2:$J$501,"OK") | H6: =SUMIFS('Lançamentos'!$G$2:$G$501,'Lançamentos'!$H$2:$H$501,">="&H$4,'Lançamentos'!$H$2:$H$501,"<"&DATE(YEAR(H$4),MONTH(H$4)+1,1),'Lançamentos'!$D$2:$D$501,"Receita bruta",'Lançamentos'!$J$2:$J$501,"OK") | I6: =SUMIFS('Lançamentos'!$G$2:$G$501,'Lançamentos'!$H$2:$H$501,">="&I$4,'Lançamentos'!$H$2:$H$501,"<"&DATE(YEAR(I$4),MONTH(I$4)+1,1),'Lançamentos'!$D$2:$D$501,"Receita bruta",'Lançamentos'!$J$2:$J$501,"OK") | ... M6: =SUMIFS('Lançamentos'!$G$2:$G$501,'Lançamentos'!$H$2:$H$501,">="&M$4,'Lançamentos'!$H$2:$H$501,"<"&DATE(YEAR(M$4),MONTH(M$4)+1,1),'Lançamentos'!$D$2:$D$501,"Receita bruta",'Lançamentos'!$J$2:$J$501,"OK") | N6: =SUM(B6:M6)
A7: (-) Deduções da receita | B7: =SUMIFS('Lançamentos'!$G$2:$G$501,'Lançamentos'!$H$2:$H$501,">="&B$4,'Lançamentos'!$H$2:$H$501,"<"&DATE(YEAR(B$4),MONTH(B$4)+1,1),'Lançamentos'!$D$2:$D$501,"Deduções da receita",'Lançamentos'!$J$2:$J$501,"OK") | C7: =SUMIFS('Lançamentos'!$G$2:$G$501,'Lançamentos'!$H$2:$H$501,">="&C$4,'Lançamentos'!$H$2:$H$501,"<"&DATE(YEAR(C$4),MONTH(C$4)+1,1),'Lançamentos'!$D$2:$D$501,"Deduções da receita",'Lançamentos'!$J$2:$J$501,"OK") | D7: =SUMIFS('Lançamentos'!$G$2:$G$501,'Lançamentos'!$H$2:$H$501,">="&D$4,'Lançamentos'!$H$2:$H$501,"<"&DATE(YEAR(D$4),MONTH(D$4)+1,1),'Lançamentos'!$D$2:$D$501,"Deduções da receita",'Lançamentos'!$J$2:$J$501,"OK") | E7: =SUMIFS('Lançamentos'!$G$2:$G$501,'Lançamentos'!$H$2:$H$501,">="&E$4,'Lançamentos'!$H$2:$H$501,"<"&DATE(YEAR(E$4),MONTH(E$4)+1,1),'Lançamentos'!$D$2:$D$501,"Deduções da receita",'Lançamentos'!$J$2:$J$501,"OK") | F7: =SUMIFS('Lançamentos'!$G$2:$G$501,'Lançamentos'!$H$2:$H$501,">="&F$4,'Lançamentos'!$H$2:$H$501,"<"&DATE(YEAR(F$4),MONTH(F$4)+1,1),'Lançamentos'!$D$2:$D$501,"Deduções da receita",'Lançamentos'!$J$2:$J$501,"OK") | G7: =SUMIFS('Lançamentos'!$G$2:$G$501,'Lançamentos'!$H$2:$H$501,">="&G$4,'Lançamentos'!$H$2:$H$501,"<"&DATE(YEAR(G$4),MONTH(G$4)+1,1),'Lançamentos'!$D$2:$D$501,"Deduções da receita",'Lançamentos'!$J$2:$J$501,"OK") | H7: =SUMIFS('Lançamentos'!$G$2:$G$501,'Lançamentos'!$H$2:$H$501,">="&H$4,'Lançamentos'!$H$2:$H$501,"<"&DATE(YEAR(H$4),MONTH(H$4)+1,1),'Lançamentos'!$D$2:$D$501,"Deduções da receita",'Lançamentos'!$J$2:$J$501,"OK") | I7: =SUMIFS('Lançamentos'!$G$2:$G$501,'Lançamentos'!$H$2:$H$501,">="&I$4,'Lançamentos'!$H$2:$H$501,"<"&DATE(YEAR(I$4),MONTH(I$4)+1,1),'Lançamentos'!$D$2:$D$501,"Deduções da receita",'Lançamentos'!$J$2:$J$501,"OK") | ... M7: =SUMIFS('Lançamentos'!$G$2:$G$501,'Lançamentos'!$H$2:$H$501,">="&M$4,'Lançamentos'!$H$2:$H$501,"<"&DATE(YEAR(M$4),MONTH(M$4)+1,1),'Lançamentos'!$D$2:$D$501,"Deduções da receita",'Lançamentos'!$J$2:$J$501,"OK") | N7: =SUM(B7:M7)
A8: Receita líquida | B8: =B6+B7 | C8: =C6+C7 | D8: =D6+D7 | E8: =E6+E7 | F8: =F6+F7 | G8: =G6+G7 | H8: =H6+H7 | I8: =I6+I7 | ... N8: =N6+N7
A9: (-) Custos dos serviços e produtos | B9: =SUMIFS('Lançamentos'!$G$2:$G$501,'Lançamentos'!$H$2:$H$501,">="&B$4,'Lançamentos'!$H$2:$H$501,"<"&DATE(YEAR(B$4),MONTH(B$4)+1,1),'Lançamentos'!$D$2:$D$501,"Custos dos serviços e produtos",'Lançamentos'!$J$2:$J$501,"OK") | C9: =SUMIFS('Lançamentos'!$G$2:$G$501,'Lançamentos'!$H$2:$H$501,">="&C$4,'Lançamentos'!$H$2:$H$501,"<"&DATE(YEAR(C$4),MONTH(C$4)+1,1),'Lançamentos'!$D$2:$D$501,"Custos dos serviços e produtos",'Lançamentos'!$J$2:$J$501,"OK") | D9: =SUMIFS('Lançamentos'!$G$2:$G$501,'Lançamentos'!$H$2:$H$501,">="&D$4,'Lançamentos'!$H$2:$H$501,"<"&DATE(YEAR(D$4),MONTH(D$4)+1,1),'Lançamentos'!$D$2:$D$501,"Custos dos serviços e produtos",'Lançamentos'!$J$2:$J$501,"OK") | E9: =SUMIFS('Lançamentos'!$G$2:$G$501,'Lançamentos'!$H$2:$H$501,">="&E$4,'Lançamentos'!$H$2:$H$501,"<"&DATE(YEAR(E$4),MONTH(E$4)+1,1),'Lançamentos'!$D$2:$D$501,"Custos dos serviços e produtos",'Lançamentos'!$J$2:$J$501,"OK") | F9: =SUMIFS('Lançamentos'!$G$2:$G$501,'Lançamentos'!$H$2:$H$501,">="&F$4,'Lançamentos'!$H$2:$H$501,"<"&DATE(YEAR(F$4),MONTH(F$4)+1,1),'Lançamentos'!$D$2:$D$501,"Custos dos serviços e produtos",'Lançamentos'!$J$2:$J$501,"OK") | G9: =SUMIFS('Lançamentos'!$G$2:$G$501,'Lançamentos'!$H$2:$H$501,">="&G$4,'Lançamentos'!$H$2:$H$501,"<"&DATE(YEAR(G$4),MONTH(G$4)+1,1),'Lançamentos'!$D$2:$D$501,"Custos dos serviços e produtos",'Lançamentos'!$J$2:$J$501,"OK") | H9: =SUMIFS('Lançamentos'!$G$2:$G$501,'Lançamentos'!$H$2:$H$501,">="&H$4,'Lançamentos'!$H$2:$H$501,"<"&DATE(YEAR(H$4),MONTH(H$4)+1,1),'Lançamentos'!$D$2:$D$501,"Custos dos serviços e produtos",'Lançamentos'!$J$2:$J$501,"OK") | I9: =SUMIFS('Lançamentos'!$G$2:$G$501,'Lançamentos'!$H$2:$H$501,">="&I$4,'Lançamentos'!$H$2:$H$501,"<"&DATE(YEAR(I$4),MONTH(I$4)+1,1),'Lançamentos'!$D$2:$D$501,"Custos dos serviços e produtos",'Lançamentos'!$J$2:$J$501,"OK") | ... M9: =SUMIFS('Lançamentos'!$G$2:$G$501,'Lançamentos'!$H$2:$H$501,">="&M$4,'Lançamentos'!$H$2:$H$501,"<"&DATE(YEAR(M$4),MONTH(M$4)+1,1),'Lançamentos'!$D$2:$D$501,"Custos dos serviços e produtos",'Lançamentos'!$J$2:$J$501,"OK") | N9: =SUM(B9:M9)
A10: Lucro bruto | B10: =B8+B9 | C10: =C8+C9 | D10: =D8+D9 | E10: =E8+E9 | F10: =F8+F9 | G10: =G8+G9 | H10: =H8+H9 | I10: =I8+I9 | ... N10: =N8+N9
A11: (-) Despesas operacionais | B11: =SUMIFS('Lançamentos'!$G$2:$G$501,'Lançamentos'!$H$2:$H$501,">="&B$4,'Lançamentos'!$H$2:$H$501,"<"&DATE(YEAR(B$4),MONTH(B$4)+1,1),'Lançamentos'!$D$2:$D$501,"Despesas operacionais",'Lançamentos'!$J$2:$J$501,"OK") | C11: =SUMIFS('Lançamentos'!$G$2:$G$501,'Lançamentos'!$H$2:$H$501,">="&C$4,'Lançamentos'!$H$2:$H$501,"<"&DATE(YEAR(C$4),MONTH(C$4)+1,1),'Lançamentos'!$D$2:$D$501,"Despesas operacionais",'Lançamentos'!$J$2:$J$501,"OK") | D11: =SUMIFS('Lançamentos'!$G$2:$G$501,'Lançamentos'!$H$2:$H$501,">="&D$4,'Lançamentos'!$H$2:$H$501,"<"&DATE(YEAR(D$4),MONTH(D$4)+1,1),'Lançamentos'!$D$2:$D$501,"Despesas operacionais",'Lançamentos'!$J$2:$J$501,"OK") | E11: =SUMIFS('Lançamentos'!$G$2:$G$501,'Lançamentos'!$H$2:$H$501,">="&E$4,'Lançamentos'!$H$2:$H$501,"<"&DATE(YEAR(E$4),MONTH(E$4)+1,1),'Lançamentos'!$D$2:$D$501,"Despesas operacionais",'Lançamentos'!$J$2:$J$501,"OK") | F11: =SUMIFS('Lançamentos'!$G$2:$G$501,'Lançamentos'!$H$2:$H$501,">="&F$4,'Lançamentos'!$H$2:$H$501,"<"&DATE(YEAR(F$4),MONTH(F$4)+1,1),'Lançamentos'!$D$2:$D$501,"Despesas operacionais",'Lançamentos'!$J$2:$J$501,"OK") | G11: =SUMIFS('Lançamentos'!$G$2:$G$501,'Lançamentos'!$H$2:$H$501,">="&G$4,'Lançamentos'!$H$2:$H$501,"<"&DATE(YEAR(G$4),MONTH(G$4)+1,1),'Lançamentos'!$D$2:$D$501,"Despesas operacionais",'Lançamentos'!$J$2:$J$501,"OK") | H11: =SUMIFS('Lançamentos'!$G$2:$G$501,'Lançamentos'!$H$2:$H$501,">="&H$4,'Lançamentos'!$H$2:$H$501,"<"&DATE(YEAR(H$4),MONTH(H$4)+1,1),'Lançamentos'!$D$2:$D$501,"Despesas operacionais",'Lançamentos'!$J$2:$J$501,"OK") | I11: =SUMIFS('Lançamentos'!$G$2:$G$501,'Lançamentos'!$H$2:$H$501,">="&I$4,'Lançamentos'!$H$2:$H$501,"<"&DATE(YEAR(I$4),MONTH(I$4)+1,1),'Lançamentos'!$D$2:$D$501,"Despesas operacionais",'Lançamentos'!$J$2:$J$501,"OK") | ... M11: =SUMIFS('Lançamentos'!$G$2:$G$501,'Lançamentos'!$H$2:$H$501,">="&M$4,'Lançamentos'!$H$2:$H$501,"<"&DATE(YEAR(M$4),MONTH(M$4)+1,1),'Lançamentos'!$D$2:$D$501,"Despesas operacionais",'Lançamentos'!$J$2:$J$501,"OK") | N11: =SUM(B11:M11)
A12: Resultado operacional | B12: =B10+B11 | C12: =C10+C11 | D12: =D10+D11 | E12: =E10+E11 | F12: =F10+F11 | G12: =G10+G11 | H12: =H10+H11 | I12: =I10+I11 | ... N12: =N10+N11
A13: Margem operacional | B13: =IFERROR(IF(B8=0,"",B12/B8),"") | C13: =IFERROR(IF(C8=0,"",C12/C8),"") | D13: =IFERROR(IF(D8=0,"",D12/D8),"") | E13: =IFERROR(IF(E8=0,"",E12/E8),"") | F13: =IFERROR(IF(F8=0,"",F12/F8),"") | G13: =IFERROR(IF(G8=0,"",G12/G8),"") | H13: =IFERROR(IF(H8=0,"",H12/H8),"") | I13: =IFERROR(IF(I8=0,"",I12/I8),"") | ... N13: =IFERROR(IF(N8=0,"",N12/N8),"")
A15: Situação do ano | B15: =IF(COUNTIFS('Lançamentos'!$J$2:$J$501,"OK",'Lançamentos'!$H$2:$H$501,">="&DATE($C$2,1,1),'Lançamentos'!$H$2:$H$501,"<"&DATE($C$2+1,1,1),'Lançamentos'!$D$2:$D$501,"<>Fora da DRE")=0,"Sem lançamentos válidos no ano","DRE calculada")
A16: Receita líquida anual | B16: =IF($B$15="DRE calculada",$N$8,"")
A17: Resultado operacional anual | B17: =IF($B$15="DRE calculada",$N$12,"")
A18: Margem operacional anual | B18: =IF($B$15="DRE calculada",$N$13,"")
A19: Lançamentos a revisar | B19: =COUNTIFS('Lançamentos'!$J$2:$J$501,"<>OK",'Lançamentos'!$J$2:$J$501,"<>")
A21: Critério | B21: Competência gerencial: a data do lançamento determina o mês da DRE.
A22: Uso | B22: Análise gerencial; não substitui fluxo de caixa nem demonstração contábil ou fiscal oficial.

Sheet Parâmetros
A1: Parâmetro | B1: Valor
A2: Nome de exibição | B2: Salão Exemplo — dados fictícios
A3: Ano da análise | B3: 2026
A4: Margem mínima desejada | B4: 0.1
A5: Limite por lançamento | B5: 1000000
A6: Data inicial permitida | B6: 43831
A7: Orientação | B7: Informe valores positivos; o sinal é aplicado automaticamente pela categoria.
A9: Critério | B9: Regime gerencial de competência: a data informada determina o mês da DRE.
A10: Limites | B10: Não é fluxo de caixa nem demonstração contábil ou fiscal oficial. Tributos são informados manualmente.

Sheet Categorias
A1: Categoria | B1: Linha da DRE | C1: Multiplicador | D1: Orientação
A2: Serviços de cabelo | B2: Receita bruta | C2: 1 | D2: Receita de serviços reconhecida na competência.
A3: Manicure e pedicure | B3: Receita bruta | C3: 1 | D3: Receita de serviços reconhecida na competência.
A4: Barbearia | B4: Receita bruta | C4: 1 | D4: Receita de serviços reconhecida na competência.
A5: Estética não clínica | B5: Receita bruta | C5: 1 | D5: Receita de serviços não clínicos reconhecida na competência.
A6: Venda de produtos | B6: Receita bruta | C6: 1 | D6: Receita de produtos reconhecida na competência.
A7: Descontos concedidos | B7: Deduções da receita | C7: -1 | D7: Redução gerencial da receita do período.
A8: Estornos de receita | B8: Deduções da receita | C8: -1 | D8: Estorno gerencial vinculado à competência.
A9: Tributos informados sobre receita | B9: Deduções da receita | C9: -1 | D9: Valor informado manualmente, sem cálculo ou orientação fiscal.
A10: Comissões variáveis | B10: Custos dos serviços e produtos | C10: -1 | D10: Comissões variáveis associadas aos serviços.
A11: Materiais aplicados | B11: Custos dos serviços e produtos | C11: -1 | D11: Materiais consumidos na prestação dos serviços.
A12: Mercadorias revendidas | B12: Custos dos serviços e produtos | C12: -1 | D12: Custo gerencial dos produtos revendidos.
A13: Aluguel | B13: Despesas operacionais | C13: -1 | D13: Despesa operacional reconhecida na competência.
... A20: Compra de equipamento | B20: Fora da DRE | C20: 0 | D20: Movimento fora da DRE; não altera o resultado.
A22: Atenção | B22: Categorias classificadas como “Fora da DRE” têm multiplicador zero e não alteram o resultado.

Sheet Lançamentos
A1: Competência | B1: Descrição | C1: Categoria | D1: Linha da DRE | E1: Multiplicador | F1: Valor informado | G1: Valor na DRE | H1: Mês de competência | I1: Observação | J1: Status da linha
A2: 46237 | B2: Serviços de cabelo — lote fictício | C2: Serviços de cabelo | D2: =IF(C2="","",IFERROR(INDEX('Categorias'!$B$2:$B$20,MATCH(C2,'Categorias'!$A$2:$A$20,0)),"Categoria não encontrada")) | E2: =IF(C2="","",IFERROR(INDEX('Categorias'!$C$2:$C$20,MATCH(C2,'Categorias'!$A$2:$A$20,0)),"")) | F2: 6800 | G2: =IF(OR(A2="",C2="",F2="",NOT(ISNUMBER(F2)),D2="Categoria não encontrada",NOT(ISNUMBER(E2))),"",IFERROR(F2*E2,"")) | H2: =IF(A2="","",IFERROR(DATE(YEAR(A2),MONTH(A2),1),"")) | J2: =IF(COUNTA(A2:C2,F2,I2)=0,"",IF(A2="","Preencher competência",IF(A2>TODAY(),"Revisar competência futura",IF(B2="","Preencher descrição",IF(C2="","Preencher categoria",IF(D2="Categoria não encontrada","Revisar categoria",IF(OR(NOT(ISNUMBER(F2)),F2<=0),"Revisar valor","OK"))))))) | L2: ='Categorias'!A2
A3: 46239 | B3: Serviços de manicure — lote fictício | C3: Manicure e pedicure | D3: =IF(C3="","",IFERROR(INDEX('Categorias'!$B$2:$B$20,MATCH(C3,'Categorias'!$A$2:$A$20,0)),"Categoria não encontrada")) | E3: =IF(C3="","",IFERROR(INDEX('Categorias'!$C$2:$C$20,MATCH(C3,'Categorias'!$A$2:$A$20,0)),"")) | F3: 2600 | G3: =IF(OR(A3="",C3="",F3="",NOT(ISNUMBER(F3)),D3="Categoria não encontrada",NOT(ISNUMBER(E3))),"",IFERROR(F3*E3,"")) | H3: =IF(A3="","",IFERROR(DATE(YEAR(A3),MONTH(A3),1),"")) | J3: =IF(COUNTA(A3:C3,F3,I3)=0,"",IF(A3="","Preencher competência",IF(A3>TODAY(),"Revisar competência futura",IF(B3="","Preencher descrição",IF(C3="","Preencher categoria",IF(D3="Categoria não encontrada","Revisar categoria",IF(OR(NOT(ISNUMBER(F3)),F3<=0),"Revisar valor","OK"))))))) | L3: ='Categorias'!A3
A4: 46242 | B4: Serviços de barbearia — lote fictício | C4: Barbearia | D4: =IF(C4="","",IFERROR(INDEX('Categorias'!$B$2:$B$20,MATCH(C4,'Categorias'!$A$2:$A$20,0)),"Categoria não encontrada")) | E4: =IF(C4="","",IFERROR(INDEX('Categorias'!$C$2:$C$20,MATCH(C4,'Categorias'!$A$2:$A$20,0)),"")) | F4: 1800 | G4: =IF(OR(A4="",C4="",F4="",NOT(ISNUMBER(F4)),D4="Categoria não encontrada",NOT(ISNUMBER(E4))),"",IFERROR(F4*E4,"")) | H4: =IF(A4="","",IFERROR(DATE(YEAR(A4),MONTH(A4),1),"")) | J4: =IF(COUNTA(A4:C4,F4,I4)=0,"",IF(A4="","Preencher competência",IF(A4>TODAY(),"Revisar competência futura",IF(B4="","Preencher descrição",IF(C4="","Preencher categoria",IF(D4="Categoria não encontrada","Revisar categoria",IF(OR(NOT(ISNUMBER(F4)),F4<=0),"Revisar valor","OK"))))))) | L4: ='Categorias'!A4
A5: 46244 | B5: Vendas fictícias de produtos | C5: Venda de produtos | D5: =IF(C5="","",IFERROR(INDEX('Categorias'!$B$2:$B$20,MATCH(C5,'Categorias'!$A$2:$A$20,0)),"Categoria não encontrada")) | E5: =IF(C5="","",IFERROR(INDEX('Categorias'!$C$2:$C$20,MATCH(C5,'Categorias'!$A$2:$A$20,0)),"")) | F5: 900 | G5: =IF(OR(A5="",C5="",F5="",NOT(ISNUMBER(F5)),D5="Categoria não encontrada",NOT(ISNUMBER(E5))),"",IFERROR(F5*E5,"")) | H5: =IF(A5="","",IFERROR(DATE(YEAR(A5),MONTH(A5),1),"")) | J5: =IF(COUNTA(A5:C5,F5,I5)=0,"",IF(A5="","Preencher competência",IF(A5>TODAY(),"Revisar competência futura",IF(B5="","Preencher descrição",IF(C5="","Preencher categoria",IF(D5="Categoria não encontrada","Revisar categoria",IF(OR(NOT(ISNUMBER(F5)),F5<=0),"Revisar valor","OK"))))))) | L5: ='Categorias'!A5
A6: 46246 | B6: Descontos fictícios do período | C6: Descontos concedidos | D6: =IF(C6="","",IFERROR(INDEX('Categorias'!$B$2:$B$20,MATCH(C6,'Categorias'!$A$2:$A$20,0)),"Categoria não encontrada")) | E6: =IF(C6="","",IFERROR(INDEX('Categorias'!$C$2:$C$20,MATCH(C6,'Categorias'!$A$2:$A$20,0)),"")) | F6: 250 | G6: =IF(OR(A6="",C6="",F6="",NOT(ISNUMBER(F6)),D6="Categoria não encontrada",NOT(ISNUMBER(E6))),"",IFERROR(F6*E6,"")) | H6: =IF(A6="","",IFERROR(DATE(YEAR(A6),MONTH(A6),1),"")) | J6: =IF(COUNTA(A6:C6,F6,I6)=0,"",IF(A6="","Preencher competência",IF(A6>TODAY(),"Revisar competência futura",IF(B6="","Preencher descrição",IF(C6="","Preencher categoria",IF(D6="Categoria não encontrada","Revisar categoria",IF(OR(NOT(ISNUMBER(F6)),F6<=0),"Revisar valor","OK"))))))) | L6: ='Categorias'!A6
A7: 46249 | B7: Comissões fictícias do período | C7: Comissões variáveis | D7: =IF(C7="","",IFERROR(INDEX('Categorias'!$B$2:$B$20,MATCH(C7,'Categorias'!$A$2:$A$20,0)),"Categoria não encontrada")) | E7: =IF(C7="","",IFERROR(INDEX('Categorias'!$C$2:$C$20,MATCH(C7,'Categorias'!$A$2:$A$20,0)),"")) | F7: 3200 | G7: =IF(OR(A7="",C7="",F7="",NOT(ISNUMBER(F7)),D7="Categoria não encontrada",NOT(ISNUMBER(E7))),"",IFERROR(F7*E7,"")) | H7: =IF(A7="","",IFERROR(DATE(YEAR(A7),MONTH(A7),1),"")) | J7: =IF(COUNTA(A7:C7,F7,I7)=0,"",IF(A7="","Preencher competência",IF(A7>TODAY(),"Revisar competência futura",IF(B7="","Preencher descrição",IF(C7="","Preencher categoria",IF(D7="Categoria não encontrada","Revisar categoria",IF(OR(NOT(ISNUMBER(F7)),F7<=0),"Revisar valor","OK"))))))) | L7: ='Categorias'!A7
A8: 46251 | B8: Materiais fictícios aplicados | C8: Materiais aplicados | D8: =IF(C8="","",IFERROR(INDEX('Categorias'!$B$2:$B$20,MATCH(C8,'Categorias'!$A$2:$A$20,0)),"Categoria não encontrada")) | E8: =IF(C8="","",IFERROR(INDEX('Categorias'!$C$2:$C$20,MATCH(C8,'Categorias'!$A$2:$A$20,0)),"")) | F8: 950 | G8: =IF(OR(A8="",C8="",F8="",NOT(ISNUMBER(F8)),D8="Categoria não encontrada",NOT(ISNUMBER(E8))),"",IFERROR(F8*E8,"")) | H8: =IF(A8="","",IFERROR(DATE(YEAR(A8),MONTH(A8),1),"")) | J8: =IF(COUNTA(A8:C8,F8,I8)=0,"",IF(A8="","Preencher competência",IF(A8>TODAY(),"Revisar competência futura",IF(B8="","Preencher descrição",IF(C8="","Preencher categoria",IF(D8="Categoria não encontrada","Revisar categoria",IF(OR(NOT(ISNUMBER(F8)),F8<=0),"Revisar valor","OK"))))))) | L8: ='Categorias'!A8
A9: 46254 | B9: Custo fictício de produtos revendidos | C9: Mercadorias revendidas | D9: =IF(C9="","",IFERROR(INDEX('Categorias'!$B$2:$B$20,MATCH(C9,'Categorias'!$A$2:$A$20,0)),"Categoria não encontrada")) | E9: =IF(C9="","",IFERROR(INDEX('Categorias'!$C$2:$C$20,MATCH(C9,'Categorias'!$A$2:$A$20,0)),"")) | F9: 420 | G9: =IF(OR(A9="",C9="",F9="",NOT(ISNUMBER(F9)),D9="Categoria não encontrada",NOT(ISNUMBER(E9))),"",IFERROR(F9*E9,"")) | H9: =IF(A9="","",IFERROR(DATE(YEAR(A9),MONTH(A9),1),"")) | J9: =IF(COUNTA(A9:C9,F9,I9)=0,"",IF(A9="","Preencher competência",IF(A9>TODAY(),"Revisar competência futura",IF(B9="","Preencher descrição",IF(C9="","Preencher categoria",IF(D9="Categoria não encontrada","Revisar categoria",IF(OR(NOT(ISNUMBER(F9)),F9<=0),"Revisar valor","OK"))))))) | L9: ='Categorias'!A9
A10: 46256 | B10: Aluguel fictício do mês | C10: Aluguel | D10: =IF(C10="","",IFERROR(INDEX('Categorias'!$B$2:$B$20,MATCH(C10,'Categorias'!$A$2:$A$20,0)),"Categoria não encontrada")) | E10: =IF(C10="","",IFERROR(INDEX('Categorias'!$C$2:$C$20,MATCH(C10,'Categorias'!$A$2:$A$20,0)),"")) | F10: 2400 | G10: =IF(OR(A10="",C10="",F10="",NOT(ISNUMBER(F10)),D10="Categoria não encontrada",NOT(ISNUMBER(E10))),"",IFERROR(F10*E10,"")) | H10: =IF(A10="","",IFERROR(DATE(YEAR(A10),MONTH(A10),1),"")) | J10: =IF(COUNTA(A10:C10,F10,I10)=0,"",IF(A10="","Preencher competência",IF(A10>TODAY(),"Revisar competência futura",IF(B10="","Preencher descrição",IF(C10="","Preencher categoria",IF(D10="Categoria não encontrada","Revisar categoria",IF(OR(NOT(ISNUMBER(F10)),F10<=0),"Revisar valor","OK"))))))) | L10: ='Categorias'!A10
A11: 46260 | B11: Consumos fictícios do mês | C11: Água, energia e internet | D11: =IF(C11="","",IFERROR(INDEX('Categorias'!$B$2:$B$20,MATCH(C11,'Categorias'!$A$2:$A$20,0)),"Categoria não encontrada")) | E11: =IF(C11="","",IFERROR(INDEX('Categorias'!$C$2:$C$20,MATCH(C11,'Categorias'!$A$2:$A$20,0)),"")) | F11: 780 | G11: =IF(OR(A11="",C11="",F11="",NOT(ISNUMBER(F11)),D11="Categoria não encontrada",NOT(ISNUMBER(E11))),"",IFERROR(F11*E11,"")) | H11: =IF(A11="","",IFERROR(DATE(YEAR(A11),MONTH(A11),1),"")) | J11: =IF(COUNTA(A11:C11,F11,I11)=0,"",IF(A11="","Preencher competência",IF(A11>TODAY(),"Revisar competência futura",IF(B11="","Preencher descrição",IF(C11="","Preencher categoria",IF(D11="Categoria não encontrada","Revisar categoria",IF(OR(NOT(ISNUMBER(F11)),F11<=0),"Revisar valor","OK"))))))) | L11: ='Categorias'!A11
D12: =IF(C12="","",IFERROR(INDEX('Categorias'!$B$2:$B$20,MATCH(C12,'Categorias'!$A$2:$A$20,0)),"Categoria não encontrada")) | E12: =IF(C12="","",IFERROR(INDEX('Categorias'!$C$2:$C$20,MATCH(C12,'Categorias'!$A$2:$A$20,0)),"")) | G12: =IF(OR(A12="",C12="",F12="",NOT(ISNUMBER(F12)),D12="Categoria não encontrada",NOT(ISNUMBER(E12))),"",IFERROR(F12*E12,"")) | H12: =IF(A12="","",IFERROR(DATE(YEAR(A12),MONTH(A12),1),"")) | J12: =IF(COUNTA(A12:C12,F12,I12)=0,"",IF(A12="","Preencher competência",IF(A12>TODAY(),"Revisar competência futura",IF(B12="","Preencher descrição",IF(C12="","Preencher categoria",IF(D12="Categoria não encontrada","Revisar categoria",IF(OR(NOT(ISNUMBER(F12)),F12<=0),"Revisar valor","OK"))))))) | L12: ='Categorias'!A12
D13: =IF(C13="","",IFERROR(INDEX('Categorias'!$B$2:$B$20,MATCH(C13,'Categorias'!$A$2:$A$20,0)),"Categoria não encontrada")) | E13: =IF(C13="","",IFERROR(INDEX('Categorias'!$C$2:$C$20,MATCH(C13,'Categorias'!$A$2:$A$20,0)),"")) | G13: =IF(OR(A13="",C13="",F13="",NOT(ISNUMBER(F13)),D13="Categoria não encontrada",NOT(ISNUMBER(E13))),"",IFERROR(F13*E13,"")) | H13: =IF(A13="","",IFERROR(DATE(YEAR(A13),MONTH(A13),1),"")) | J13: =IF(COUNTA(A13:C13,F13,I13)=0,"",IF(A13="","Preencher competência",IF(A13>TODAY(),"Revisar competência futura",IF(B13="","Preencher descrição",IF(C13="","Preencher categoria",IF(D13="Categoria não encontrada","Revisar categoria",IF(OR(NOT(ISNUMBER(F13)),F13<=0),"Revisar valor","OK"))))))) | L13: ='Categorias'!A13
D14: =IF(C14="","",IFERROR(INDEX('Categorias'!$B$2:$B$20,MATCH(C14,'Categorias'!$A$2:$A$20,0)),"Categoria não encontrada")) | E14: =IF(C14="","",IFERROR(INDEX('Categorias'!$C$2:$C$20,MATCH(C14,'Categorias'!$A$2:$A$20,0)),"")) | G14: =IF(OR(A14="",C14="",F14="",NOT(ISNUMBER(F14)),D14="Categoria não encontrada",NOT(ISNUMBER(E14))),"",IFERROR(F14*E14,"")) | H14: =IF(A14="","",IFERROR(DATE(YEAR(A14),MONTH(A14),1),"")) | J14: =IF(COUNTA(A14:C14,F14,I14)=0,"",IF(A14="","Preencher competência",IF(A14>TODAY(),"Revisar competência futura",IF(B14="","Preencher descrição",IF(C14="","Preencher categoria",IF(D14="Categoria não encontrada","Revisar categoria",IF(OR(NOT(ISNUMBER(F14)),F14<=0),"Revisar valor","OK"))))))) | L14: ='Categorias'!A14
D15: =IF(C15="","",IFERROR(INDEX('Categorias'!$B$2:$B$20,MATCH(C15,'Categorias'!$A$2:$A$20,0)),"Categoria não encontrada")) | E15: =IF(C15="","",IFERROR(INDEX('Categorias'!$C$2:$C$20,MATCH(C15,'Categorias'!$A$2:$A$20,0)),"")) | G15: =IF(OR(A15="",C15="",F15="",NOT(ISNUMBER(F15)),D15="Categoria não encontrada",NOT(ISNUMBER(E15))),"",IFERROR(F15*E15,"")) | H15: =IF(A15="","",IFERROR(DATE(YEAR(A15),MONTH(A15),1),"")) | J15: =IF(COUNTA(A15:C15,F15,I15)=0,"",IF(A15="","Preencher competência",IF(A15>TODAY(),"Revisar competência futura",IF(B15="","Preencher descrição",IF(C15="","Preencher categoria",IF(D15="Categoria não encontrada","Revisar categoria",IF(OR(NOT(ISNUMBER(F15)),F15<=0),"Revisar valor","OK"))))))) | L15: ='Categorias'!A15
D16: =IF(C16="","",IFERROR(INDEX('Categorias'!$B$2:$B$20,MATCH(C16,'Categorias'!$A$2:$A$20,0)),"Categoria não encontrada")) | E16: =IF(C16="","",IFERROR(INDEX('Categorias'!$C$2:$C$20,MATCH(C16,'Categorias'!$A$2:$A$20,0)),"")) | G16: =IF(OR(A16="",C16="",F16="",NOT(ISNUMBER(F16)),D16="Categoria não encontrada",NOT(ISNUMBER(E16))),"",IFERROR(F16*E16,"")) | H16: =IF(A16="","",IFERROR(DATE(YEAR(A16),MONTH(A16),1),"")) | J16: =IF(COUNTA(A16:C16,F16,I16)=0,"",IF(A16="","Preencher competência",IF(A16>TODAY(),"Revisar competência futura",IF(B16="","Preencher descrição",IF(C16="","Preencher categoria",IF(D16="Categoria não encontrada","Revisar categoria",IF(OR(NOT(ISNUMBER(F16)),F16<=0),"Revisar valor","OK"))))))) | L16: ='Categorias'!A16
D17: =IF(C17="","",IFERROR(INDEX('Categorias'!$B$2:$B$20,MATCH(C17,'Categorias'!$A$2:$A$20,0)),"Categoria não encontrada")) | E17: =IF(C17="","",IFERROR(INDEX('Categorias'!$C$2:$C$20,MATCH(C17,'Categorias'!$A$2:$A$20,0)),"")) | G17: =IF(OR(A17="",C17="",F17="",NOT(ISNUMBER(F17)),D17="Categoria não encontrada",NOT(ISNUMBER(E17))),"",IFERROR(F17*E17,"")) | H17: =IF(A17="","",IFERROR(DATE(YEAR(A17),MONTH(A17),1),"")) | J17: =IF(COUNTA(A17:C17,F17,I17)=0,"",IF(A17="","Preencher competência",IF(A17>TODAY(),"Revisar competência futura",IF(B17="","Preencher descrição",IF(C17="","Preencher categoria",IF(D17="Categoria não encontrada","Revisar categoria",IF(OR(NOT(ISNUMBER(F17)),F17<=0),"Revisar valor","OK"))))))) | L17: ='Categorias'!A17
D18: =IF(C18="","",IFERROR(INDEX('Categorias'!$B$2:$B$20,MATCH(C18,'Categorias'!$A$2:$A$20,0)),"Categoria não encontrada")) | E18: =IF(C18="","",IFERROR(INDEX('Categorias'!$C$2:$C$20,MATCH(C18,'Categorias'!$A$2:$A$20,0)),"")) | G18: =IF(OR(A18="",C18="",F18="",NOT(ISNUMBER(F18)),D18="Categoria não encontrada",NOT(ISNUMBER(E18))),"",IFERROR(F18*E18,"")) | H18: =IF(A18="","",IFERROR(DATE(YEAR(A18),MONTH(A18),1),"")) | J18: =IF(COUNTA(A18:C18,F18,I18)=0,"",IF(A18="","Preencher competência",IF(A18>TODAY(),"Revisar competência futura",IF(B18="","Preencher descrição",IF(C18="","Preencher categoria",IF(D18="Categoria não encontrada","Revisar categoria",IF(OR(NOT(ISNUMBER(F18)),F18<=0),"Revisar valor","OK"))))))) | L18: ='Categorias'!A18
D19: =IF(C19="","",IFERROR(INDEX('Categorias'!$B$2:$B$20,MATCH(C19,'Categorias'!$A$2:$A$20,0)),"Categoria não encontrada")) | E19: =IF(C19="","",IFERROR(INDEX('Categorias'!$C$2:$C$20,MATCH(C19,'Categorias'!$A$2:$A$20,0)),"")) | G19: =IF(OR(A19="",C19="",F19="",NOT(ISNUMBER(F19)),D19="Categoria não encontrada",NOT(ISNUMBER(E19))),"",IFERROR(F19*E19,"")) | H19: =IF(A19="","",IFERROR(DATE(YEAR(A19),MONTH(A19),1),"")) | J19: =IF(COUNTA(A19:C19,F19,I19)=0,"",IF(A19="","Preencher competência",IF(A19>TODAY(),"Revisar competência futura",IF(B19="","Preencher descrição",IF(C19="","Preencher categoria",IF(D19="Categoria não encontrada","Revisar categoria",IF(OR(NOT(ISNUMBER(F19)),F19<=0),"Revisar valor","OK"))))))) | L19: ='Categorias'!A19
D20: =IF(C20="","",IFERROR(INDEX('Categorias'!$B$2:$B$20,MATCH(C20,'Categorias'!$A$2:$A$20,0)),"Categoria não encontrada")) | E20: =IF(C20="","",IFERROR(INDEX('Categorias'!$C$2:$C$20,MATCH(C20,'Categorias'!$A$2:$A$20,0)),"")) | G20: =IF(OR(A20="",C20="",F20="",NOT(ISNUMBER(F20)),D20="Categoria não encontrada",NOT(ISNUMBER(E20))),"",IFERROR(F20*E20,"")) | H20: =IF(A20="","",IFERROR(DATE(YEAR(A20),MONTH(A20),1),"")) | J20: =IF(COUNTA(A20:C20,F20,I20)=0,"",IF(A20="","Preencher competência",IF(A20>TODAY(),"Revisar competência futura",IF(B20="","Preencher descrição",IF(C20="","Preencher categoria",IF(D20="Categoria não encontrada","Revisar categoria",IF(OR(NOT(ISNUMBER(F20)),F20<=0),"Revisar valor","OK"))))))) | L20: ='Categorias'!A20
D21: =IF(C21="","",IFERROR(INDEX('Categorias'!$B$2:$B$20,MATCH(C21,'Categorias'!$A$2:$A$20,0)),"Categoria não encontrada")) | E21: =IF(C21="","",IFERROR(INDEX('Categorias'!$C$2:$C$20,MATCH(C21,'Categorias'!$A$2:$A$20,0)),"")) | G21: =IF(OR(A21="",C21="",F21="",NOT(ISNUMBER(F21)),D21="Categoria não encontrada",NOT(ISNUMBER(E21))),"",IFERROR(F21*E21,"")) | H21: =IF(A21="","",IFERROR(DATE(YEAR(A21),MONTH(A21),1),"")) | J21: =IF(COUNTA(A21:C21,F21,I21)=0,"",IF(A21="","Preencher competência",IF(A21>TODAY(),"Revisar competência futura",IF(B21="","Preencher descrição",IF(C21="","Preencher categoria",IF(D21="Categoria não encontrada","Revisar categoria",IF(OR(NOT(ISNUMBER(F21)),F21<=0),"Revisar valor","OK"))))))) | L21: =""
D22: =IF(C22="","",IFERROR(INDEX('Categorias'!$B$2:$B$20,MATCH(C22,'Categorias'!$A$2:$A$20,0)),"Categoria não encontrada")) | E22: =IF(C22="","",IFERROR(INDEX('Categorias'!$C$2:$C$20,MATCH(C22,'Categorias'!$A$2:$A$20,0)),"")) | G22: =IF(OR(A22="",C22="",F22="",NOT(ISNUMBER(F22)),D22="Categoria não encontrada",NOT(ISNUMBER(E22))),"",IFERROR(F22*E22,"")) | H22: =IF(A22="","",IFERROR(DATE(YEAR(A22),MONTH(A22),1),"")) | J22: =IF(COUNTA(A22:C22,F22,I22)=0,"",IF(A22="","Preencher competência",IF(A22>TODAY(),"Revisar competência futura",IF(B22="","Preencher descrição",IF(C22="","Preencher categoria",IF(D22="Categoria não encontrada","Revisar categoria",IF(OR(NOT(ISNUMBER(F22)),F22<=0),"Revisar valor","OK"))))))) | L22: ='Parâmetros'!B5
D23: =IF(C23="","",IFERROR(INDEX('Categorias'!$B$2:$B$20,MATCH(C23,'Categorias'!$A$2:$A$20,0)),"Categoria não encontrada")) | E23: =IF(C23="","",IFERROR(INDEX('Categorias'!$C$2:$C$20,MATCH(C23,'Categorias'!$A$2:$A$20,0)),"")) | G23: =IF(OR(A23="",C23="",F23="",NOT(ISNUMBER(F23)),D23="Categoria não encontrada",NOT(ISNUMBER(E23))),"",IFERROR(F23*E23,"")) | H23: =IF(A23="","",IFERROR(DATE(YEAR(A23),MONTH(A23),1),"")) | J23: =IF(COUNTA(A23:C23,F23,I23)=0,"",IF(A23="","Preencher competência",IF(A23>TODAY(),"Revisar competência futura",IF(B23="","Preencher descrição",IF(C23="","Preencher categoria",IF(D23="Categoria não encontrada","Revisar categoria",IF(OR(NOT(ISNUMBER(F23)),F23<=0),"Revisar valor","OK"))))))) | L23: ='Parâmetros'!B6
D24: =IF(C24="","",IFERROR(INDEX('Categorias'!$B$2:$B$20,MATCH(C24,'Categorias'!$A$2:$A$20,0)),"Categoria não encontrada")) | E24: =IF(C24="","",IFERROR(INDEX('Categorias'!$C$2:$C$20,MATCH(C24,'Categorias'!$A$2:$A$20,0)),"")) | G24: =IF(OR(A24="",C24="",F24="",NOT(ISNUMBER(F24)),D24="Categoria não encontrada",NOT(ISNUMBER(E24))),"",IFERROR(F24*E24,"")) | H24: =IF(A24="","",IFERROR(DATE(YEAR(A24),MONTH(A24),1),"")) | J24: =IF(COUNTA(A24:C24,F24,I24)=0,"",IF(A24="","Preencher competência",IF(A24>TODAY(),"Revisar competência futura",IF(B24="","Preencher descrição",IF(C24="","Preencher categoria",IF(D24="Categoria não encontrada","Revisar categoria",IF(OR(NOT(ISNUMBER(F24)),F24<=0),"Revisar valor","OK"))))))) | L24: =""
D25: =IF(C25="","",IFERROR(INDEX('Categorias'!$B$2:$B$20,MATCH(C25,'Categorias'!$A$2:$A$20,0)),"Categoria não encontrada")) | E25: =IF(C25="","",IFERROR(INDEX('Categorias'!$C$2:$C$20,MATCH(C25,'Categorias'!$A$2:$A$20,0)),"")) | G25: =IF(OR(A25="",C25="",F25="",NOT(ISNUMBER(F25)),D25="Categoria não encontrada",NOT(ISNUMBER(E25))),"",IFERROR(F25*E25,"")) | H25: =IF(A25="","",IFERROR(DATE(YEAR(A25),MONTH(A25),1),"")) | J25: =IF(COUNTA(A25:C25,F25,I25)=0,"",IF(A25="","Preencher competência",IF(A25>TODAY(),"Revisar competência futura",IF(B25="","Preencher descrição",IF(C25="","Preencher categoria",IF(D25="Categoria não encontrada","Revisar categoria",IF(OR(NOT(ISNUMBER(F25)),F25<=0),"Revisar valor","OK"))))))) | L25: =""
D26: =IF(C26="","",IFERROR(INDEX('Categorias'!$B$2:$B$20,MATCH(C26,'Categorias'!$A$2:$A$20,0)),"Categoria não encontrada")) | E26: =IF(C26="","",IFERROR(INDEX('Categorias'!$C$2:$C$20,MATCH(C26,'Categorias'!$A$2:$A$20,0)),"")) | G26: =IF(OR(A26="",C26="",F26="",NOT(ISNUMBER(F26)),D26="Categoria não encontrada",NOT(ISNUMBER(E26))),"",IFERROR(F26*E26,"")) | H26: =IF(A26="","",IFERROR(DATE(YEAR(A26),MONTH(A26),1),"")) | J26: =IF(COUNTA(A26:C26,F26,I26)=0,"",IF(A26="","Preencher competência",IF(A26>TODAY(),"Revisar competência futura",IF(B26="","Preencher descrição",IF(C26="","Preencher categoria",IF(D26="Categoria não encontrada","Revisar categoria",IF(OR(NOT(ISNUMBER(F26)),F26<=0),"Revisar valor","OK"))))))) | L26: =""
D27: =IF(C27="","",IFERROR(INDEX('Categorias'!$B$2:$B$20,MATCH(C27,'Categorias'!$A$2:$A$20,0)),"Categoria não encontrada")) | E27: =IF(C27="","",IFERROR(INDEX('Categorias'!$C$2:$C$20,MATCH(C27,'Categorias'!$A$2:$A$20,0)),"")) | G27: =IF(OR(A27="",C27="",F27="",NOT(ISNUMBER(F27)),D27="Categoria não encontrada",NOT(ISNUMBER(E27))),"",IFERROR(F27*E27,"")) | H27: =IF(A27="","",IFERROR(DATE(YEAR(A27),MONTH(A27),1),"")) | J27: =IF(COUNTA(A27:C27,F27,I27)=0,"",IF(A27="","Preencher competência",IF(A27>TODAY(),"Revisar competência futura",IF(B27="","Preencher descrição",IF(C27="","Preencher categoria",IF(D27="Categoria não encontrada","Revisar categoria",IF(OR(NOT(ISNUMBER(F27)),F27<=0),"Revisar valor","OK"))))))) | L27: =""
D28: =IF(C28="","",IFERROR(INDEX('Categorias'!$B$2:$B$20,MATCH(C28,'Categorias'!$A$2:$A$20,0)),"Categoria não encontrada")) | E28: =IF(C28="","",IFERROR(INDEX('Categorias'!$C$2:$C$20,MATCH(C28,'Categorias'!$A$2:$A$20,0)),"")) | G28: =IF(OR(A28="",C28="",F28="",NOT(ISNUMBER(F28)),D28="Categoria não encontrada",NOT(ISNUMBER(E28))),"",IFERROR(F28*E28,"")) | H28: =IF(A28="","",IFERROR(DATE(YEAR(A28),MONTH(A28),1),"")) | J28: =IF(COUNTA(A28:C28,F28,I28)=0,"",IF(A28="","Preencher competência",IF(A28>TODAY(),"Revisar competência futura",IF(B28="","Preencher descrição",IF(C28="","Preencher categoria",IF(D28="Categoria não encontrada","Revisar categoria",IF(OR(NOT(ISNUMBER(F28)),F28<=0),"Revisar valor","OK"))))))) | L28: =""
D29: =IF(C29="","",IFERROR(INDEX('Categorias'!$B$2:$B$20,MATCH(C29,'Categorias'!$A$2:$A$20,0)),"Categoria não encontrada")) | E29: =IF(C29="","",IFERROR(INDEX('Categorias'!$C$2:$C$20,MATCH(C29,'Categorias'!$A$2:$A$20,0)),"")) | G29: =IF(OR(A29="",C29="",F29="",NOT(ISNUMBER(F29)),D29="Categoria não encontrada",NOT(ISNUMBER(E29))),"",IFERROR(F29*E29,"")) | H29: =IF(A29="","",IFERROR(DATE(YEAR(A29),MONTH(A29),1),"")) | J29: =IF(COUNTA(A29:C29,F29,I29)=0,"",IF(A29="","Preencher competência",IF(A29>TODAY(),"Revisar competência futura",IF(B29="","Preencher descrição",IF(C29="","Preencher categoria",IF(D29="Categoria não encontrada","Revisar categoria",IF(OR(NOT(ISNUMBER(F29)),F29<=0),"Revisar valor","OK"))))))) | L29: =""
D30: =IF(C30="","",IFERROR(INDEX('Categorias'!$B$2:$B$20,MATCH(C30,'Categorias'!$A$2:$A$20,0)),"Categoria não encontrada")) | E30: =IF(C30="","",IFERROR(INDEX('Categorias'!$C$2:$C$20,MATCH(C30,'Categorias'!$A$2:$A$20,0)),"")) | G30: =IF(OR(A30="",C30="",F30="",NOT(ISNUMBER(F30)),D30="Categoria não encontrada",NOT(ISNUMBER(E30))),"",IFERROR(F30*E30,"")) | H30: =IF(A30="","",IFERROR(DATE(YEAR(A30),MONTH(A30),1),"")) | J30: =IF(COUNTA(A30:C30,F30,I30)=0,"",IF(A30="","Preencher competência",IF(A30>TODAY(),"Revisar competência futura",IF(B30="","Preencher descrição",IF(C30="","Preencher categoria",IF(D30="Categoria não encontrada","Revisar categoria",IF(OR(NOT(ISNUMBER(F30)),F30<=0),"Revisar valor","OK"))))))) | L30: =""
D31: =IF(C31="","",IFERROR(INDEX('Categorias'!$B$2:$B$20,MATCH(C31,'Categorias'!$A$2:$A$20,0)),"Categoria não encontrada")) | E31: =IF(C31="","",IFERROR(INDEX('Categorias'!$C$2:$C$20,MATCH(C31,'Categorias'!$A$2:$A$20,0)),"")) | G31: =IF(OR(A31="",C31="",F31="",NOT(ISNUMBER(F31)),D31="Categoria não encontrada",NOT(ISNUMBER(E31))),"",IFERROR(F31*E31,"")) | H31: =IF(A31="","",IFERROR(DATE(YEAR(A31),MONTH(A31),1),"")) | J31: =IF(COUNTA(A31:C31,F31,I31)=0,"",IF(A31="","Preencher competência",IF(A31>TODAY(),"Revisar competência futura",IF(B31="","Preencher descrição",IF(C31="","Preencher categoria",IF(D31="Categoria não encontrada","Revisar categoria",IF(OR(NOT(ISNUMBER(F31)),F31<=0),"Revisar valor","OK"))))))) | L31: =""
D32: =IF(C32="","",IFERROR(INDEX('Categorias'!$B$2:$B$20,MATCH(C32,'Categorias'!$A$2:$A$20,0)),"Categoria não encontrada")) | E32: =IF(C32="","",IFERROR(INDEX('Categorias'!$C$2:$C$20,MATCH(C32,'Categorias'!$A$2:$A$20,0)),"")) | G32: =IF(OR(A32="",C32="",F32="",NOT(ISNUMBER(F32)),D32="Categoria não encontrada",NOT(ISNUMBER(E32))),"",IFERROR(F32*E32,"")) | H32: =IF(A32="","",IFERROR(DATE(YEAR(A32),MONTH(A32),1),"")) | J32: =IF(COUNTA(A32:C32,F32,I32)=0,"",IF(A32="","Preencher competência",IF(A32>TODAY(),"Revisar competência futura",IF(B32="","Preencher descrição",IF(C32="","Preencher categoria",IF(D32="Categoria não encontrada","Revisar categoria",IF(OR(NOT(ISNUMBER(F32)),F32<=0),"Revisar valor","OK"))))))) | L32: =""
D33: =IF(C33="","",IFERROR(INDEX('Categorias'!$B$2:$B$20,MATCH(C33,'Categorias'!$A$2:$A$20,0)),"Categoria não encontrada")) | E33: =IF(C33="","",IFERROR(INDEX('Categorias'!$C$2:$C$20,MATCH(C33,'Categorias'!$A$2:$A$20,0)),"")) | G33: =IF(OR(A33="",C33="",F33="",NOT(ISNUMBER(F33)),D33="Categoria não encontrada",NOT(ISNUMBER(E33))),"",IFERROR(F33*E33,"")) | H33: =IF(A33="","",IFERROR(DATE(YEAR(A33),MONTH(A33),1),"")) | J33: =IF(COUNTA(A33:C33,F33,I33)=0,"",IF(A33="","Preencher competência",IF(A33>TODAY(),"Revisar competência futura",IF(B33="","Preencher descrição",IF(C33="","Preencher categoria",IF(D33="Categoria não encontrada","Revisar categoria",IF(OR(NOT(ISNUMBER(F33)),F33<=0),"Revisar valor","OK"))))))) | L33: =""
D34: =IF(C34="","",IFERROR(INDEX('Categorias'!$B$2:$B$20,MATCH(C34,'Categorias'!$A$2:$A$20,0)),"Categoria não encontrada")) | E34: =IF(C34="","",IFERROR(INDEX('Categorias'!$C$2:$C$20,MATCH(C34,'Categorias'!$A$2:$A$20,0)),"")) | G34: =IF(OR(A34="",C34="",F34="",NOT(ISNUMBER(F34)),D34="Categoria não encontrada",NOT(ISNUMBER(E34))),"",IFERROR(F34*E34,"")) | H34: =IF(A34="","",IFERROR(DATE(YEAR(A34),MONTH(A34),1),"")) | J34: =IF(COUNTA(A34:C34,F34,I34)=0,"",IF(A34="","Preencher competência",IF(A34>TODAY(),"Revisar competência futura",IF(B34="","Preencher descrição",IF(C34="","Preencher categoria",IF(D34="Categoria não encontrada","Revisar categoria",IF(OR(NOT(ISNUMBER(F34)),F34<=0),"Revisar valor","OK"))))))) | L34: =""
D35: =IF(C35="","",IFERROR(INDEX('Categorias'!$B$2:$B$20,MATCH(C35,'Categorias'!$A$2:$A$20,0)),"Categoria não encontrada")) | E35: =IF(C35="","",IFERROR(INDEX('Categorias'!$C$2:$C$20,MATCH(C35,'Categorias'!$A$2:$A$20,0)),"")) | G35: =IF(OR(A35="",C35="",F35="",NOT(ISNUMBER(F35)),D35="Categoria não encontrada",NOT(ISNUMBER(E35))),"",IFERROR(F35*E35,"")) | H35: =IF(A35="","",IFERROR(DATE(YEAR(A35),MONTH(A35),1),"")) | J35: =IF(COUNTA(A35:C35,F35,I35)=0,"",IF(A35="","Preencher competência",IF(A35>TODAY(),"Revisar competência futura",IF(B35="","Preencher descrição",IF(C35="","Preencher categoria",IF(D35="Categoria não encontrada","Revisar categoria",IF(OR(NOT(ISNUMBER(F35)),F35<=0),"Revisar valor","OK"))))))) | L35: =""
... D501: =IF(C501="","",IFERROR(INDEX('Categorias'!$B$2:$B$20,MATCH(C501,'Categorias'!$A$2:$A$20,0)),"Categoria não encontrada")) | E501: =IF(C501="","",IFERROR(INDEX('Categorias'!$C$2:$C$20,MATCH(C501,'Categorias'!$A$2:$A$20,0)),"")) | G501: =IF(OR(A501="",C501="",F501="",NOT(ISNUMBER(F501)),D501="Categoria não encontrada",NOT(ISNUMBER(E501))),"",IFERROR(F501*E501,"")) | H501: =IF(A501="","",IFERROR(DATE(YEAR(A501),MONTH(A501),1),"")) | J501: =IF(COUNTA(A501:C501,F501,I501)=0,"",IF(A501="","Preencher competência",IF(A501>TODAY(),"Revisar competência futura",IF(B501="","Preencher descrição",IF(C501="","Preencher categoria",IF(D501="Categoria não encontrada","Revisar categoria",IF(OR(NOT(ISNUMBER(F501)),F501<=0),"Revisar valor","OK"))))))) | L501: =""
